AoeStats
← Generation Kill

Oasis

508439412Analyzed
4v4 RM · 11d ago on Sep 22, 2026· 41m 37s· 8 players
Game mode
Random Map
Map size
Large (8 player)
Population
200
Speed
Normal
Resources
Standard
Victory
Conquest
Starting age
Dark Age
Ending age
Imperial Age
RankedLock teamsTeams togetherTeam positionsShared explorationLock speedFull tech treeHidden civsTurbo modeCheats
Victory
Defeat
🇫🇮 Persians · Finland
1188
+29
🇯🇴 Dravidians · Jordan
1180
+16
🇸🇪 Franks · Sweden
1177
+16
🇦🇷 Maya · Argentina
1131
+17
🇨🇳 Mongols · China
1216
-18
🇹🇼 Italians · Taiwan
1198
-17
🇨🇳 Saracens · China
1190
-17
🇨🇳 Franks · China
1075
-12
DEBANNICO
0:27 Loom
12:37 Feudal Age
13:30 Horse Collar
13:39 Double-Bit Axe
15:30 Fletching
20:59 Padded Archer Armor
23:27 Castle Age
21:20 Gold Mining
23:50 Crossbowman
24:55 Leather Archer Armor
24:35 Bodkin Arrow
26:46 Heavy Plow
27:11 Bow Saw
27:59 Wheelbarrow
27:10 Town Watch
28:07 Thumb Ring
27:52 Elite Skirmisher
29:55 Ballistics
35:04 Imperial Age
32:55 Hul'che Javelineers
35:07 Caravan
36:26 Conscription
35:46 Arbalester
36:40 Bracer
38:42 Ring Archer Armor
40:06 Chemistry
39:17 Masonry
kim.henrik.himanen69
4:54 Loom
10:00 Feudal Age
10:32 Double-Bit Axe
15:10 Fletching
15:31 Horse Collar
23:45 Castle Age
22:54 Bloodlines
22:57 Forging
22:52 Scale Barding Armor
25:09 Bow Saw
25:26 Heavy Plow
26:31 Wheelbarrow
25:55 Gold Mining
28:06 Husbandry
28:29 Chain Barding Armor
31:29 Hand Cart
34:23 Iron Casting
36:42 Imperial Age
34:58 Caravan
35:21 Town Watch
36:23 Cavalier
37:41 Plate Barding Armor
37:54 Gold Shaft Mining
38:20 Two-Man Saw
37:54 Crop Rotation
39:32 Blast Furnace
38:12 Savar
Generation Kill
8:51 Loom
10:54 Feudal Age
11:37 Double-Bit Axe
13:18 Town Watch
16:47 Wheelbarrow
20:01 Castle Age
21:04 Bow Saw
24:45 Gold Mining
26:46 Hand Cart
33:43 Imperial Age
32:01 Husbandry
33:03 Caravan
33:57 Scale Barding Armor
33:54 Cavalier
35:43 Forging
35:55 Chain Barding Armor
35:25 Paladin
37:52 Plate Barding Armor
37:54 Iron Casting
39:51 Blast Furnace
Koko
11:04 Feudal Age
17:23 Castle Age
16:52 Horse Collar
17:01 Double-Bit Axe
25:25 Heavy Plow
29:43 Imperial Age
27:53 Wheelbarrow
27:05 Loom
28:09 Fletching
28:19 Padded Archer Armor
29:37 Hand Cart
29:23 Gold Mining
29:33 Bodkin Arrow
30:11 Hand Cart
31:29 Chemistry
31:15 Ballistics
31:09 Bracer
32:03 Leather Archer Armor
31:49 Elite Elephant Archer
37:42 Ring Archer Armor
37:22 Scale Barding Armor
37:28 Forging
Speechless
3:26 Loom
12:40 Feudal Age
17:46 Castle Age
16:26 Town Watch
18:23 Double-Bit Axe
20:38 Horse Collar
22:03 Heavy Plow
25:46 Silk Road
25:33 Treadmill Crane
26:34 Fletching
27:10 Ballistics
27:41 Caravan
30:10 Wheelbarrow
34:56 Imperial Age
32:48 Bow Saw
33:09 Stone Mining
33:19 Gold Mining
34:32 Fortified Wall
34:34 Masonry
34:37 Scale Mail Armor
34:51 Forging
35:46 Squires
36:10 Chain Mail Armor
36:31 Hand Cart
36:51 Conscription
37:32 Arson
39:52 Plate Mail Armor
39:58 Iron Casting
41:17 Chemistry
张维为
9:51 Loom
12:00 Feudal Age
14:57 Double-Bit Axe
15:05 Fletching
16:37 Town Watch
31:55 Castle Age
29:58 Horse Collar
30:56 Padded Archer Armor
31:58 Crossbowman
31:59 Elite Skirmisher
33:52 Leather Archer Armor
34:26 Bodkin Arrow
370885147
0:30 Loom
15:17 Feudal Age
16:27 Double-Bit Axe
19:19 Castle Age
19:22 Stone Mining
21:16 Bow Saw
27:53 Wheelbarrow
28:52 Forging
29:40 Hand Cart
32:57 Fletching
33:12 Gold Mining
36:38 Imperial Age
36:43 Gold Shaft Mining
36:25 Bodkin Arrow
37:31 Chivalry
38:09 Hoardings
37:57 Conscription
37:01 Cavalier
37:43 Husbandry
38:39 Paladin
39:28 Scale Barding Armor
39:59 Iron Casting
39:47 Murder Holes
40:03 Masonry
40:01 Siege Engineers
40:57 Chain Barding Armor
41:54 Blast Furnace
40:55 Scale Mail Armor
40:19 Pikeman
hawki2518
11:01 Feudal Age
12:04 Double-Bit Axe
12:06 Horse Collar
12:57 Loom
18:40 Castle Age
30:40 Bow Saw
31:13 Wheelbarrow
30:26 Town Watch
30:46 Heavy Plow
30:41 Stone Mining
30:44 Gold Mining
35:43 Imperial Age
34:15 Fletching
34:26 Padded Archer Armor
35:54 Hand Cart
36:12 Ballistics
35:48 Murder Holes
35:51 Bodkin Arrow
36:12 Leather Archer Armor
37:17 Drill
37:20 Conscription
37:36 Bracer
37:52 Bloodlines
39:20 Chemistry
38:50 Parthian Tactics
38:31 Thumb Ring
38:28 Husbandry
38:46 Elite Mangudai
41:54 Forging
41:49 Scale Barding Armor
Connection lost

Rejoining the realm…

Still unreachable

The connection could not be restored.

Session expired

The server has moved on; the page needs a fresh start.